 Seeded DCSS version 0.29.1-1-gd02db6906a (webtiles) character file.

Game seed: 7339899519574105553 (custom seed)

2 mathmaestro the Grave Robber (level 1, 0/13 HPs)
             Began as a Demonspawn Necromancer on Sept 19, 2022.
             Slain by a kobold
             ... wielding a +0 club
              (2 damage)
             ... on level 1 of the Dungeon.
             The game lasted 00:00:45 (72 turns).

mathmaestro the Grave Robber (Demonspawn Necromancer) Turns: 72, Time: 00:00:46

Health: 0/13       AC:  2    Str:  8    XL:     1   Next: 25%
Magic:  0/3        EV: 12    Int: 16    God:
Gold:   10         SH:  0    Dex: 13    Spells: 3/4 levels left

rFire   . . .      SeeInvis .   (no weapon)
rCold   . . .      Faith    .   (no shield)
rNeg    . . .      Spirit   .   a - +0 robe
rPois   .          Reflect  .   (no helmet)
rElec   .          Harm     .   d - scarf {shadows}
rCorr   .          Rampage  .   (no gloves)
Will    .....                   (no boots)
Stlth   ++........              (no amulet)
HPRegen 0.04/turn               (no ring)
MPRegen 0.08/turn               (no ring)

@: no status effects
A: no striking features
a: no special abilities


You were on level 1 of the Dungeon.
You visited 1 branch of the dungeon, and saw 1 of its levels.

You collected 10 gold pieces.

Inventory:

Armour
 a - a +0 robe (worn)
 d - a scarf of shadows (worn)
Potions
 b - a potion of magic
 c - a potion of curing {unknown}


   Skills:
 + Level 0.1 Fighting
 + Level 1.8 Dodging
 + Level 1.8 Stealth
 + Level 2.0 Spellcasting
 + Level 4.4 Necromancy


You had 3 spell levels left.
You knew the following spells:

 Your Spells              Type           Power      Damage    Failure   Level
a - Necrotise             Necr           60%        1d7       3%          1

Your spell library contained the following spells:

 Spells                   Type           Power      Damage    Failure   Level
 Vampiric Draining        Necr           15%        2d7       11%         3
 Animate Dead             Necr           15%        N/A       34%         4
 Agony                    Necr           15%        N/A       67%         5


Dungeon Overview and Level Annotations

Branches:
Dungeon (1/15)

Altars:


Message History

A ball python comes into view.
A hobgoblin comes into view.
The kobold throws a stone.
The stone closely misses you. The kobold hits you with a +0 club.
An endoplasm comes into view.
The kobold attacks as you move away! The kobold barely misses you.
You see here 6 stones.
The kobold attacks as you move away! The kobold hits you with a +0 club.
Casting: Necrotise (safe; 3% risk of failure)
Confirm with . or Enter, or press ? or * to list all spells.
You don't have enough magic to cast this spell.
Unknown command.
The kobold throws a stone.
The stone closely misses you.
Your ball python skeleton closely misses the kobold. x2
The ball python bites your ball python skeleton.
The ball python barely misses your ball python skeleton.
The ball python bites your ball python skeleton.
The ball python grabs your ball python skeleton.
The ball python constricts your ball python skeleton.
Your ball python skeleton is destroyed!
Casting: Necrotise (safe; 3% risk of failure)
Confirm with . or Enter, or press ? or * to list all spells.
Aiming: Necrotise (safe; 3% risk of failure)
Press: ? - help, Shift-Dir - straight line, f/p - kobold
Aim: a kobold, wielding a +0 club and quivering stones (moderately wounded, chance to affect: 85%)
The kobold writhes in agony.
The kobold throws a stone.
The stone closely misses you.
Casting: Necrotise (safe; 3% risk of failure)
Confirm with . or Enter, or press ? or * to list all spells.
You don't have enough magic to cast this spell.
Unknown command.
The kobold hits you with a +0 club.
* * * LOW HITPOINT WARNING * * *
Number of times to repeat, then command key: 9 Unknown command, not repeating.
You hit the kobold but do no damage.
The kobold is heavily wounded.
The kobold hits you with a +0 club.
* * * LOW HITPOINT WARNING * * *
The kobold attacks as you move away! The kobold hits you with a +0 club.
You die...

## .. ########.#
##########........#
#####......gSg[.......# ####
#........K####.(......# ...#
#........@# ##.##..†.... ##.#
#.........# #.##.......
<'.#####.........#####.#?..S....
##..................##.#.g.!....
....###############....#.....J..
##### #............ #.##.......
#.###...... ..# ......


You could see a kobold.

Vanquished Creatures
  A giant cockroach (D:1)
  A ball python (D:1)
2 creatures vanquished.

Notes
Turn   | Place    | Note
-------+----------+-------------------------------------------
     0 | D:1      | mathmaestro the Demonspawn Necromancer began the quest for
                  | the Orb.
     0 | D:1      | Reached XP level 1. HP: 13/13 MP: 3/3
    72 | D:1      | Slain by a kobold

Illustrated notes

Levels and vault maps discovered:
D:1:      dpeg_arrival_tiny_d, layout_rooms, ebering_ecumenical_altar_mist

Action                   || total
-------------------------++-------
Melee: Unarmed           ||     1
 Cast: Necrotise         ||     4
Dodge: Dodged            ||     5
